Map: Lerilak Crest

Players

jleli

  • Race: Zerg Zerg
  • League: Platinum

LilDicky - Winner!

  • Race: Terran Terran
  • League: Diamond

VOD

http://www.twitch.tv/tumescentpie

Description

Time

  • Played on: Jan. 2, 2016, 1:02 p.m.
  • Length: 10:51
Show
View Real Time Build Order
Export as new Build Order

jleli Zerg 

Build Orders: Hatch First 

Get SALT Encoding   

  12  0:00  Drone  
  13  0:12  Overlord  
  13  0:17  Drone  
  14  0:30  Drone x2  
  14  0:35  Drone  
  17  0:54  Hatchery  
  16  0:57  Drone  
  17  1:09  Spawning Pool  
  16  1:11  Drone  
  16  1:18  Drone  
  18  1:21  Overlord  
  18  1:28  Drone  
  19  1:38  Drone  
  20  1:52  Drone, Extractor  
  20  1:56  Queen  
  22  2:06  Drone  
  22  2:07  Queen  
  25  2:08  Drone  
  26  2:27  Drone x3  
  29  2:30  Drone  
  29  2:31  Hatchery  
  29  2:32  Drone  
  30  2:45  Overlord, Queen  
  30  2:47  Drone  
  34  2:58  Drone x2  
  34  3:02  Drone  
  36  3:06  Metabolic Boost  
  36  3:11  Drone x2, Roach Warren  
  37  3:20  Zergling x4  
  37  3:24  Overlord  
  37  3:25  Drone  
  40  3:33  Drone x2  
  42  3:34  Baneling Nest  
  41  3:41  Drone x3  
  44  3:54  Overlord  
  44  3:57  Overlord  
  44  3:59  Drone x6  
  50  4:06  Lair  
  50  4:07  Drone x2, Extractor  
  51  4:10  Extractor  
  51  4:14  Drone x2  
  52  4:21  Drone x2  
  52  4:22  Drone  
  55  4:27  Zergling x2  
  55  4:28  Zergling x6  
  59  4:48  Overlord  
  59  4:50  Zergling x10  
  59  4:51  Zergling x4  
  66  4:57  Evolution Chamber  
  66  4:59  Evolution Chamber  
  64  5:05  Drone x10  
  64  5:07  Overlord  
  74  5:08  Glial Reconstitution  
  73  5:14  Overseer  
  73  5:19  Centrifical Hooks  
  74  5:21  Zergling x6  
  76  5:28  Extractor  
  76  5:30  Extractor  
  74  5:41  Zerg Ground Armor Level 1  
  74  5:47  Overlord x3, Zergling x2, Extractor  
  74  5:48  Zergling x14  
  81  6:00  Zergling x8  
  81  6:02  Baneling  
  81  6:03  Baneling x4  
  85  6:05  Baneling  
  81  6:15  Zergling x12  
  81  6:16  Zergling x4  
  71  6:22  Zergling x4  
  71  6:24  Zergling x2  
  74  6:29  Zergling x4  
  72  6:39  Zergling x6  
  66  6:46  Baneling x4  
  66  6:49  Baneling x2  
  66  6:50  Overlord x3  
  51  6:56  Zergling x2  
  51  6:57  Zergling x8  
  51  6:59  Baneling  
  54  7:03  Zergling x2  
  54  7:04  Zergling x10  
  58  7:13  Zergling x4  
  58  7:17  Zergling x2  
  58  7:20  Baneling x6  
  57  7:35  Hatchery  
  50  7:40  Zergling x10  
  50  7:41  Zergling x2  
  51  7:53  Zergling x2  
  51  7:54  Zergling x2  
  51  7:59  Zergling x2  
  51  8:02  Baneling x4  
  52  8:18  Zergling x6  
  52  8:19  Zergling x8  
  55  8:30  Zergling x4  
  56  8:37  Zergling x6  
  58  8:41  Baneling  
  58  8:42  Baneling x6  
  58  8:50  Drone x2  
  58  8:51  Drone x2  
  58  8:53  Baneling  
  58  8:54  Baneling x7  
  62  9:05  Drone x3  
  55  9:18  Zergling x2  
  55  9:19  Zergling x10  
  55  9:23  Zergling x8  
  63  9:28  Queen  
  63  9:33  Drone x3  
  66  9:39  Spore Crawler  
  65  9:52  Baneling x3  
  65  9:54  Spire  
  55  10:11  Zergling x2  
  55  10:12  Zergling x20  
  66  10:22  Drone  
  66  10:23  Zergling x4  
  69  10:34  Baneling x4  
  65  10:36  Baneling x15  
Show
View Real Time Build Order
Export as new Build Order

LilDicky Terran - Winner!

Build Orders: Command Center First (CC), MMM Bio 

Get SALT Encoding   

  12  0:01  SCV  
  13  0:13  SCV  
  14  0:17  Supply Depot  
  14  0:27  SCV  
  15  0:39  SCV  
  16  0:51  SCV  
  17  1:02  Command Center  
  17  1:05  SCV  
  18  1:19  Barracks  
  18  1:21  SCV  
  19  1:33  Refinery  
  19  1:34  SCV  
  20  1:46  SCV  
  21  2:08  Marine  
  22  2:09  Supply Depot, Orbital Command  
  22  2:14  Orbital Command  
  22  2:20  Barracks  
  22  2:22  Barracks  
  22  2:34  Barracks Tech Lab  
  22  2:40  SCV x2  
  24  2:52  SCV  
  24  2:55  Marine  
  26  3:02  SCV  
  26  3:03  Stimpack  
  27  3:10  Barracks Tech Lab, Barracks  
  27  3:11  Barracks Reactor  
  27  3:12  Barracks  
  27  3:13  Marine  
  27  3:15  SCV  
  27  3:16  SCV  
  30  3:20  Refinery  
  30  3:27  SCV  
  30  3:28  SCV  
  30  3:30  Marine  
  30  3:32  Supply Depot  
  33  3:37  Supply Depot  
  33  3:38  Marine  
  33  3:39  SCV  
  33  3:40  SCV  
  36  3:47  Marine  
  36  3:48  Marine x2  
  38  3:49  Combat Shields  
  38  3:51  SCV  
  38  3:52  SCV  
  41  3:56  Marine  
  41  4:00  Supply Depot  
  41  4:01  Marine  
  43  4:03  SCV, Marine  
  43  4:04  SCV  
  43  4:05  Marine  
  43  4:06  Marine  
  43  4:07  Marine  
  49  4:13  Marine  
  49  4:16  SCV x2  
  52  4:19  Barracks  
  52  4:23  Barracks Reactor x2  
  52  4:24  Barracks  
  52  4:28  Supply Depot  
  52  4:29  SCV x2  
  52  4:30  Marine  
  55  4:32  Marine  
  57  4:41  SCV, Marauder  
  57  4:42  SCV  
  57  4:44  Marauder  
  62  4:48  Marine  
  62  4:51  Supply Depot  
  63  4:53  SCV  
  63  4:54  SCV  
  63  4:55  Supply Depot, Marine  
  66  5:05  SCV  
  66  5:07  Marine x2  
  71  5:16  Marauder  
  71  5:18  Concussive Shells, Marauder  
  71  5:19  Barracks Reactor x2, Marine  
  71  5:20  Marine  
  75  5:24  Factory  
  75  5:26  Supply Depot, Marine  
  75  5:27  Supply Depot, Marine  
  75  5:28  Marine  
  78  5:29  Marine  
  79  5:37  Marauder, Marine  
  79  5:39  Marauder  
  84  5:43  Marine  
  84  5:47  Marine x2  
  84  5:49  Marine x2  
  89  5:59  Marauder  
  89  6:00  Marauder  
  93  6:13  Marine x2  
  88  6:20  Marauder  
  88  6:38  Marine x3  
  88  6:39  Marauder, Marine x3  
  93  6:41  Marauder  
  95  6:53  Marine x2  
  96  6:55  Factory Reactor, Starport  
  96  6:59  Engineering Bay  
  96  7:00  Engineering Bay, Marauder  
  96  7:01  Marine x2  
  100  7:03  Marauder  
  100  7:04  Command Center  
  80  7:15  Marine  
  80  7:16  Marine x5  
  80  7:20  Marine x2  
  80  7:22  Marauder  
  90  7:24  Marauder  
  82  7:43  Marauder  
  80  7:45  Marine x2  
  80  7:46  Marauder  
  77  7:52  Marine x2  
  77  7:53  Marine x4  
  77  7:57  Marine x2  
  76  8:03  Marine x2  
  76  8:04  Terran Infantry Weapons Level 1, Terran Infantry Armor Level 1, Barracks  
  76  8:05  Marauder  
  80  8:07  Medivac, Marauder  
  80  8:09  Supply Depot  
  80  8:10  Marine  
  83  8:18  Marine x3  
  83  8:19  Marine x2  
  84  8:26  Marauder  
  84  8:36  Marine x4  
  84  8:37  Marine x6  
  86  8:41  Medivac  
  86  8:43  Medivac  
  86  8:44  Marine  
  89  9:05  Marine  
  89  9:06  Missile Turret, Marine x10  
  89  9:08  SCV  
  80  9:30  Marine x2  
  80  9:31  Marine x2  
  81  9:32  Marine x3, Marauder x2  
  81  9:33  Marine  
  86  9:53  Marauder  
  86  9:56  Marine x3  
  86  9:57  Marauder  
  86  9:58  Marine  
  82  10:16  Marine  
  82  10:20  Marine x11  
  82  10:21  Widow Mine  
Tags
 
Add a new tag
Caveats
  • Supply blocks, unpowered buildings, or Contaminate may cause inaccurate times.
  • Supply counts are checked every 10 seconds.